 Dungeon Crawl Stone Soup version 0.28-a0-983-g1de4e0787c (webtiles) character file.

Game seed: 387731066563199129

64 Ijustatesigmund the Charlatan (level 4, -1/51 HPs)
             Began as a Gnoll Artificer on Dec 3, 2021.
             Slain by an orc (4 damage)
             ... on level 2 of the Dungeon.
             The game lasted 00:03:32 (2587 turns).

Ijustatesigmund the Charlatan (Gnoll Artificer)     Turns: 2587, Time: 00:03:33

Health: -1/51      AC: 22    Str: 11    XL:     4   Next: 12%
Magic:  5/5        EV:  2    Int: 12    God:
Gold:   87         SH:  0    Dex: 13    Spells: 5/5 levels left

rFire   . . .      SeeInvis .   a - +0 short sword (freeze)
rCold   . . .      Faith    .   (no shield)
rNeg    . . .      Spirit   .   (armour currently unavailable)
rPois   +          Reflect  .   (helmet currently unavailable)
rElec   .          Harm     .   (cloak currently unavailable)
rCorr   .          Rampage  .   (gloves currently unavailable)
Will    .....      NoTele   +   (boots currently unavailable)
Stlth   ++........              (no amulet)
HPRegen 0.17/turn               (no ring)
MPRegen 0.09/turn               (no ring)

@: tree-form
A: stationary, stasis, torment immunity, boosted hp, (fangs 1), strong nose,
distributed training
a: no special abilities


You were on level 2 of the Dungeon.
You were a tree.
You visited 1 branch of the dungeon, and saw 3 of its levels.

You collected 87 gold pieces.

Inventory:

Hand Weapons
 a - a +0 short sword of freezing (weapon)
Armour
 b - a +0 ring mail (melded)
Wands
 c - a wand of flame (14) (quivered)
 d - a wand of charming (14)
Scrolls
 g - a scroll of immolation {unknown}
Potions
 f - a potion of haste
 i - a potion of mutation {unknown}
 j - a potion of heal wounds {unknown}
 k - a potion of ambrosia {unknown}
Miscellaneous
 e - a piece from Xom's chessboard (14/15)


   Skills:
 + Level 2.7 Fighting
 + Level 1.0 Short Blades
 + Level 1.0 Long Blades
 + Level 1.0 Axes
 + Level 1.0 Maces & Flails
 + Level 1.0 Polearms
 + Level 1.0 Staves
 + Level 1.0 Slings
 + Level 1.0 Bows
 + Level 1.0 Crossbows
 + Level 1.0 Throwing
 + Level 4.6 Armour
 + Level 2.7 Dodging
 + Level 2.5 Stealth
 + Level 1.0 Shields
 + Level 1.0 Unarmed Combat
 + Level 1.0 Spellcasting
 + Level 0.8 Conjurations
 + Level 0.8 Hexes
 + Level 0.8 Summonings
 + Level 0.8 Necromancy
 + Level 0.8 Translocations
 + Level 0.8 Transmutations
 + Level 0.8 Fire Magic
 + Level 0.8 Ice Magic
 + Level 0.8 Air Magic
 + Level 0.8 Earth Magic
 + Level 0.8 Poison Magic
 + Level 1.1 Invocations
 + Level 6.6 Evocations


You had 5 spell levels left.
You didn't know any spells.
Your spell library contained the following spells:

 Spells                   Type           Power      Damage    Failure   Level
 Sublimation of Blood     Necr           2%         N/A       32%         2
 Wereblood                Tmut           2%         N/A       32%         2
 Summon Hydra             Summ           1%         N/A       100%        7


Dungeon Overview and Level Annotations

Branches:
Dungeon (3/15)

Altars:


Innate Abilities, Weirdness & Mutations

You are a tree.
Your roots penetrate the ground, keeping you stationary.
You cannot be teleported.
You are immune to unholy pain and torment.
Your maximum health is greatly increased.
Your equipment is partially melded.
((You have very sharp teeth.))
Your uncanny sense of smell can sniff out nearby items.
Your experience applies equally to all skills.


Message History

A ball python comes into view.
There is an escape hatch in the ceiling here.
The orc hits you but does no damage. A mysterious force pulls you upwards.
The hatch slams shut behind you.
Reactivating autopickup.
You barely miss the orc priest. The orc priest barely misses you.
The orc hits you with a +0 hand axe.
You closely miss the orc priest. Your bite misses the orc priest.
The orc priest hits you but does no damage.
The orc hits you with a +0 hand axe.
You hit the orc priest. You freeze the orc priest.
The orc priest is lightly wounded.
The orc priest misses you. The orc hits you but does no damage.
You hit the orc priest but do no damage.
The orc priest is lightly wounded.
The orc priest hits you with a +0 club. The orc hits you with a +0 hand axe.
You hit the orc priest. You freeze the orc priest.
Your bite misses the orc priest.
The orc priest is moderately wounded.
The orc priest hits you but does no damage.
The orc hits you but does no damage.
You closely miss the orc priest. Your bite misses the orc priest.
The orc priest is moderately wounded.
The orc priest invokes the aid of Beogh against you.
Pain shoots through your body!
* * * LOW HITPOINT WARNING * * *
The orc hits you with a +0 hand axe.
* * * LOW HITPOINT WARNING * * *
Really quaff the potion of lignification? [Y]es or [N]o only, please.
Really quaff the potion of lignification?
You turn into a tree.
Your +0 ring mail melds into your body.
Your roots penetrate the ground.
The orc priest hits you but does no damage.
The orc hits you with a +0 hand axe.
* * * LOW HITPOINT WARNING * * *
You make a move on Xom's chessboard...
The orc priest appears confused.
The orc priest hits you but does no damage.
The orc hits you with a +0 hand axe.
You die...

####### #oo...#
#♣....##########
############....>..##(....##
#.....≈≈...................##
#.....≈≈≈....................
#....≈≈≈≈≈...................
#....≈≈≈≈§≈.§§...<..........#
#....≈≈≈§≈§§≈§...........##..
#....≈≈≈§≈≈§≈≈≈≈.............
#..≈..≈≈≈≈≈≈≈≈..........#####


You could see an orc priest (confused) and an orc.

Vanquished Creatures
  An adder (D:2)
  A worm (D:2)
  A dart slug (D:2)
  2 endoplasms
  6 giant cockroaches
  7 goblins
  7 hobgoblins
  3 quokkas
  3 ball pythons
  5 bats
  2 frilled lizards
  4 kobolds
  4 rats
46 creatures vanquished.

Vanquished Creatures (others)
  An adder (D:2)
  A rat (D:2)
  5 toadstools (D:1)
7 creatures vanquished.

Grand Total: 53 creatures vanquished

Notes
Turn   | Place    | Note
-------+----------+-------------------------------------------
     0 | D:1      | Ijustatesigmund the Gnoll Artificer began the quest for the
                  | Orb.
     0 | D:1      | Reached XP level 1. HP: 17/17 MP: 1/1
   736 | D:1      | Reached XP level 2. HP: 15/23 MP: 2/2
  1703 | D:2      | Reached XP level 3. HP: 28/28 MP: 3/3
  2009 | D:2      | Reached skill level 1 in Invocations
  2228 | D:2      | Reached skill level 1 in Short Blades
  2228 | D:2      | Reached skill level 1 in Long Blades
  2228 | D:2      | Reached skill level 1 in Axes
  2228 | D:2      | Reached skill level 1 in Maces & Flails
  2228 | D:2      | Reached skill level 1 in Polearms
  2228 | D:2      | Reached skill level 1 in Staves
  2228 | D:2      | Reached skill level 1 in Slings
  2228 | D:2      | Reached skill level 1 in Bows
  2228 | D:2      | Reached skill level 1 in Crossbows
  2228 | D:2      | Reached skill level 1 in Throwing
  2228 | D:2      | Reached skill level 1 in Shields
  2228 | D:2      | Reached skill level 1 in Unarmed Combat
  2228 | D:2      | Reached skill level 1 in Spellcasting
  2380 | D:2      | Reached XP level 4. HP: 34/34 MP: 5/5
  2587 | D:2      | Slain by an orc

Illustrated notes

Levels and vault maps discovered:
D:1:      ldierk_walled_garden, layout_loops_ring, corexii_leaking_fountain,
          minmay_misc_feat_four_crosses, dk_noncrumbling_2,
          minmay_misc_feat_five
D:2:      minmay_chambers_of_twos, layout_rooms, lemuel_old_faithful
D:3:      layout_basic, nicolae_ru_path_of_blood, nicolae_ecumenical_pavilion,
          kennysheep_small_spiral, kennysheep_generic_room_10

Skill      XL: |  1  2  3 |
---------------+----------+-----
Invocations    | 1 |  1.1
Short Blades   | 1 |  1.0
Long Blades    | 1 |  1.0
Axes           | 1 |  1.0
Maces & Flails | 1 |  1.0
Polearms       | 1 |  1.0
Staves         | 1 |  1.0
Slings         | 1 |  1.0
Bows           | 1 |  1.0
Crossbows      | 1 |  1.0
Throwing       | 1 |  1.0
Shields        | 1 |  1.0
Unarmed Combat | 1 |  1.0
Spellcasting   | 1 |  1.0
Fighting       | |  2.7
Armour         | |  4.6
Dodging        | |  2.7
Stealth        | |  2.5
Conjurations   | |  0.8
Hexes          | |  0.8
Summonings     | |  0.8
Necromancy     | |  0.8
Translocations | |  0.8
Transmutations | |  0.8
Fire Magic     | |  0.8
Ice Magic      | |  0.8
Air Magic      | |  0.8
Earth Magic    | |  0.8
Poison Magic   | |  0.8
Evocations     | |  6.6

Action                   |  1- 3 |  4- 6 || total
-------------------------+-------+-------++-------
Melee: Club              |    28 |       ||    28
       Short sword       |   141 |    20 ||   161
       Bite              |     9 |       ||     9
       Punch             |     1 |       ||     1
Evoke: Wand              |     2 |       ||     2
       Piece from Xom's  |       |     1 ||     1
  Use: Scroll            |     5 |       ||     5
       Potion            |       |     1 ||     1
Armor: Leather armour    |     9 |       ||     9
       Ring mail         |    70 |    17 ||    87
       Skin              |       |     2 ||     2
Dodge: Dodged            |   121 |    12 ||   133

Table legend: (Time is in decaauts)
 A = Elapsed time spent in this place.
 B = Non-inter-level travel time spent in this place.
 C = Inter-level travel time spent in this place.
 D = Time resting spent in this place.
 E = Time spent auto-exploring this place.
 F = Levels seen in this place.
 G = Mean time per level.
                   A        B        C        D        E       F      G
               +--------+--------+--------+--------+--------+-----+--------+
         Total |   2607 |   2569 |     38 |    834 |   1272 |   3 |  869.0 |
       Dungeon |   2607 |   2569 |     38 |    834 |   1272 |   3 |  869.0 |
               +--------+--------+--------+--------+--------+-----+--------+

Top non-repeatable levels by time:
     D:1: 1672 daAuts
     D:2: 861 daAuts
     D:3: 73 daAuts
